AoeStats
← mukosdrum

Nomad

503538398Analyzed
2v2 RM · 1mo ago on Sep 1, 2026· 25m 51s· 4 players
Game mode
Random Map
Map size
176×176
Population
200
Speed
Normal
Resources
Standard
Victory
Conquest
Starting age
Dark Age
Ending age
Imperial Age
RankedLock teamsTeams togetherTeam positionsShared explorationLock speedFull tech treeHidden civsTurbo modeCheats
Victory
Defeat
🇺🇸 Ethiopians · United States
1092
+15
🇺🇸 Burmese · United States
1090
+15
🇺🇸 Koreans · United States
1072
-15
🇨🇱 Japanese · Chile
1049
-14
ITVE | Jose.Antonio.Paez
13:00 Feudal Age
14:06 Double-Bit Axe
16:33 Town Watch
20:29 Castle Age
20:23 Fletching
20:50 Crossbowman
23:33 Bodkin Arrow
24:46 Town Patrol
24:32 Loom
IronWill
5:52 Loom
13:54 Feudal Age
21:21 Castle Age
20:14 Double-Bit Axe
WillrowHood
4:55 Loom
13:59 Feudal Age
15:05 Fishing Lines
20:09 Castle Age
18:14 Town Watch
18:11 Horse Collar
18:23 Gold Mining
18:26 Stone Mining
21:55 Scale Barding Armor
21:48 Gold Mining
23:10 Padded Archer Armor
24:03 Wheelbarrow
25:58 Gold Shaft Mining
mukosdrum
4:30 Loom
12:35 Feudal Age
17:19 Fishing Lines
19:25 Fletching
19:37 Padded Archer Armor
21:48 Castle Age
22:48 Double-Bit Axe
22:26 Crossbowman
24:25 Gillnets
25:41 Bow Saw
Connection lost

Rejoining the realm…

Still unreachable

The connection could not be restored.

Session expired

The server has moved on; the page needs a fresh start.